 Dungeon Crawl Stone Soup version 0.19.3-4-gbf9329e (webtiles) character file.

436 ithil the Poker (level 7, 0/41 HPs)
             Began as a Gargoyle Gladiator on Jan 29, 2017.
             Killed by divine providence
             ... invoked by an orc priest
              (13 damage)
             ... on level 4 of the Dungeon.
             The game lasted 00:14:51 (3343 turns).

ithil the Poker (Gargoyle Gladiator)                Turns: 3343, Time: 00:14:52

Health: 0/41       AC: 14    Str: 19 (20) XL:     7   Next: 1%
Magic:  7/7        EV: 11    Int:  5 (8)  God:
Gold:   141        SH:  0    Dex: 10 (11) Spells: 0 memorised, 6 levels left

rFire  . . .     SeeInvis .     a - +0 trident
rCold  . . .     Gourm    .     g - +0 scale mail
rNeg   + + .     Faith    .     (no shield)
rPois  ∞         Spirit   .     c - +0 helmet
rElec  +         Reflect  .     (no cloak)
rCorr  .         Harm     .     (no gloves)
MR     .....                    (no boots)
Stlth  ..........               h - amulet of rage
                                (no ring)
                                e - ring of positive energy

@: no status effects
A: icy blue scales 1, negative energy resistance 1, electricity resistance,
unbreathing, petrification resistance, rot immunity, AC +4
a: Evoke Berserk Rage


You were on level 4 of the Dungeon.
You were not hungry.

You visited 1 branch of the dungeon, and saw 4 of its levels.

You collected 141 gold pieces.

Inventory:

Hand Weapons
 a - a +0 trident (weapon)
 t - a +0 spear
 y - a +0 scythe
Missiles
 d - 3 throwing nets (quivered)
Armour
 b - a +0 leather armour
 c - a +0 helmet (worn)
 g - a +0 scale mail (worn)
 q - a +2 hat
 u - a +0 animal skin
 v - a +0 helmet
 w - a +0 cloak
 z - a +0 chain mail
Jewellery
 e - a ring of positive energy (left hand)
 h - an amulet of rage (around neck)
Scrolls
 i - 4 scrolls of remove curse
 m - a scroll of magic mapping {unknown}
 o - a scroll of recharging {unknown}
 r - a scroll of teleportation {unknown}
 x - a scroll of blinking
 A - a scroll of random uselessness {unknown}
 C - a scroll of identify
Potions
 k - a potion of flight
Comestibles
 f - 3 bread rations
 j - 2 fruits
 l - a slice of pizza
 n - 2 meat rations
 B - a beef jerky
 E - a royal jelly


   Skills:
 + Level 3.5 Fighting
 + Level 5.2 Polearms
 + Level 1.8 Throwing
 + Level 2.6 Armour
 + Level 3.5 Dodging
 + Level 0.5 Stealth


You had 6 spell levels left.
You didn't know any spells.

Dungeon Overview and Level Annotations

Branches:
Dungeon (4/15)
 Temple: D:4-7

Altars:
Uskayaw

Annotations:
D:4 Pikel


Innate Abilities, Weirdness & Mutations

You are resistant to torment.
Your stone body is resilient. (AC +4)
You are immune to poison.
You resist negative energy. (rN+)
You are resistant to electric shocks. (rElec)
You can survive without breathing.
You are immune to petrification.
You are immune to rotting.
You are partially covered in icy blue scales. (AC +2)


Message History

There is a stone staircase leading up here.
Pikel hits you but does no damage.
The orc priest miscasts a cantrip.
The orc priest calls down the wrath of Beogh upon you.
Beogh smites you!
* * * LOW HITPOINT WARNING * * *
You hit the orc.
The orc is lightly wounded.
The orc barely misses you.
You hit the orc.
You kill the orc!
You puncture Pikel!
Pikel is lightly wounded.
The orc priest looks encouraged for a moment.
The slave barely misses you. Pikel hits you but does no damage.
You closely miss the slave.
The slave is moderately wounded.
The orc priest calls down the wrath of Beogh upon you.
Beogh smites you!
You die...

...................##
.............................####
...................######........
.............<#.....# ##.......
..............##....# #...#####
..............###...# ##..##
..............# #...## #..##
..............###....###..#
...............#@....##..## #
..............opK........# ##
.<.......................# ###.
..............###........# ##...
..............# ###......####....
..............# ###....)#.....#
...........>..# #...>.......#
..............# #####....o.o...##
..............###.....####o....#


You could see Pikel, a slave and an orc priest.

Vanquished Creatures
  Sigmund (D:3)
  A slave (D:3)
  A hound (D:4)
  An orc wizard (D:3)
  Jessica (D:2)
  Natasha (twice) (D:2)
  Terence (D:2)
  Robin (D:2)
  3 adders
  An ooze (D:2)
  A worm (D:3)
  A dart slug (D:1)
  2 leopard geckos
  3 orcs (D:4)
  2 ball pythons (D:2)
  2 giant cockroaches (D:2)
  8 goblins
  4 hobgoblins
  4 jackals (D:2)
  8 kobolds
  2 quokkas (D:3)
  10 bats
  8 frilled lizards
  6 rats
74 creatures vanquished.

Vanquished Creatures (others)
  An orc (D:4)
1 creature vanquished.

Grand Total: 75 creatures vanquished

Notes
Turn   | Place    | Note
-------+----------+-------------------------------------------
     0 | D:1      | ithil the Gargoyle Gladiator began the quest for the Orb.
     0 | D:1      | Reached XP level 1. HP: 12/12 MP: 1/1
   241 | D:1      | Reached XP level 2. HP: 8/17 MP: 2/2
   296 | D:1      | Reached skill level 3 in Polearms
   763 | D:1      | Reached XP level 3. HP: 21/22 MP: 3/3
  1002 | D:2      | Noticed Terence
  1020 | D:2      | Killed Terence
  1023 | D:2      | Noticed Jessica
  1044 | D:2      | Noticed Robin
  1090 | D:2      | Killed Jessica
  1090 | D:2      | Reached XP level 4. HP: 23/27 MP: 4/4
  1096 | D:2      | Killed Robin
  1096 | D:2      | Reached skill level 1 in Armour
  1364 | D:2      | Reached skill level 4 in Polearms
  1364 | D:2      | Reached XP level 5. HP: 30/32 MP: 5/5
  1413 | D:2      | Noticed Natasha
  1418 | D:2      | Killed Natasha
  1741 | D:2      | Noticed Natasha
  1750 | D:2      | Killed Natasha
  2035 | D:3      | Noticed Sigmund
  2048 | D:3      | Killed Sigmund
  2048 | D:3      | Reached XP level 6. HP: 19/37 MP: 6/6
  2122 | D:3      | Reached skill level 5 in Polearms
  2573 | D:3      | Found a hide-covered altar of Uskayaw.
  2829 | D:4      | Gained mutation: You are partially covered in icy blue scales. (AC +2) [potion of mutation]
  2829 | D:4      | Gained mutation: Your spells are a little harder to cast, but a little more powerful. [potion of mutation]
  2829 | D:4      | Lost mutation: Your spells are a little harder to cast, but a little more powerful. [potion of mutation]
  2839 | D:4      | Noticed Pikel
  2840 | D:4      | Noticed a slave
  2841 | D:4      | Noticed a slave
  2841 | D:4      | Noticed a slave
  2841 | D:4      | Noticed a slave
  2893 | D:3      | Reached XP level 7. HP: 2/41 MP: 7/7
  3343 | D:4      | Killed from afar by an orc priest

Skill      XL: |  1  2  3  4  5  6 |
---------------+-------------------+-----
Polearms       | 3 4 5 |  5.2
Armour         | 1 2 |  2.6
Dodging        | 3 |  3.5
Fighting       | 3 |  3.5
Throwing       | |  1.8
Stealth        | |  0.5

Action                   |  1- 3 |  4- 6 |  7- 9 || total
-------------------------+-------+-------+-------++-------
Melee: Trident           |   115 |   170 |    27 ||   312
  Use: Scroll            |     2 |     4 |       ||     6
       Potion            |       |     3 |       ||     3
  Eat: Bread ration      |     1 |       |       ||     1
       Chunk             |       |     2 |     1 ||     3
       Fruit             |       |       |     1 ||     1
Armor: Scale mail        |    95 |   155 |    38 ||   288
       Leather armour    |    11 |       |       ||    11
Dodge: Dodged            |   105 |   125 |    36 ||   266
